 Dungeon Crawl Stone Soup version 0.17.0-7-gfadd4cc (console) character file.

98 gw the Stinger (level 5, -10/37 HPs)
             Began as a Human Venom Mage on Nov 8, 2015.
             Was an Initiate of Vehumet.
             Killed by divine providence
             ... invoked by an orc priest
              (13 damage)
             ... on level 3 of the Dungeon.
             The game lasted 00:02:31 (2663 turns).

gw the Stinger (Human Venom Mage)                   Turns: 2663, Time: 00:02:31

Health: -10/37     AC:  3    Str:  9    XL:     5   Next: 1%
Magic:  0/9        EV: 12    Int: 16    God:    Vehumet [......]
Gold:   116        SH:  0    Dex: 13    Spells: 2 memorised, 6 levels left

rFire  . . .     SeeInvis .     b - +0 spear
rCold  . . .     Clarity  .     a - +0 robe
rNeg   . . .     SustAt   .     (no shield)
rPois  .         Gourm    .     (no helmet)
rElec  .         Spirit   .     g - +0 cloak
rCorr  .         Warding  .     (no gloves)
rMut   .         Stasis   .     (no boots)
MR     .....                    (no amulet)
Stlth  ++........               (no ring)
                                (no ring)

@: not resistant to hostile enchantments, unstealthy
A: no striking features
a: Renounce Religion


You were on level 3 of the Dungeon.
You worshipped Vehumet.
Vehumet was noncommittal.
You were hungry.

You visited 1 branch of the dungeon, and saw 3 of its levels.

You collected 116 gold pieces.

Inventory:

Hand Weapons
 b - a +0 spear (weapon)
Missiles
 e - 4 poisoned tomahawks (quivered)
 f - 94 stones
Armour
 a - a +0 robe (worn)
 g - a +0 cloak (worn)
Books
 d - a Young Poisoner's Handbook

   Spells                             Type                      Level
   a - Sting                          Conjuration/Poison           1
   b - Cure Poison                    Poison                       2
   c - Mephitic Cloud                 Conjuration/Poison/Air       3
   d - Olgreb's Toxic Radiance        Poison                       4
   e - Venom Bolt                     Conjuration/Poison           5
Comestibles
 c - 2 bread rations


   Skills:
 + Level 1.2 Fighting
 + Level 0.6 Polearms
 + Level 1.3 Armour
 - Level 2.0 Dodging
 - Level 2.0 Stealth
 * Level 3.3 Spellcasting
 + Level 4.4 Poison Magic


You had 6 spell levels left.
You knew the following spells:

 Your Spells              Type           Power        Failure   Level  Hunger
a - Sting                 Conj/Pois      #...         10%         1    None
b - Mephitic Cloud        Conj/Pois/Air  #.......     34%         3    ###....


Dungeon Overview and Level Annotations

Branches:
Dungeon (3/15)

Altars:
Fedhas
Nemelex Xobeh
Okawaru
Ru
Vehumet


Message History

ATTACK MOVE TO (0,1)
You barely miss the orc priest. The orc priest closely misses you.
Unknown command.
Unknown command.
Unknown command.
Unknown command.
ATTACK MOVE TO (0,1)
You hit the orc priest.
The orc priest is moderately wounded.
The orc priest casts a cantrip, but nothing happens.
Unknown command.
Unknown command.
Unknown command.
Unknown command.
ATTACK MOVE TO (0,1)
You barely miss the orc priest.
The orc priest is moderately wounded.
The orc priest calls down the wrath of Beogh upon you.
Something smites you!
You die...

##### ....### #. .##.#<#
#. .##.#.# #. .##.#.# .
.##.#.# .###
..#>#.####.### #..
###.#......... #.#
.............. #p# #
..#.####...#####o##.##.#
#.........oo...o.......#
..........##...#.##.####
###........+...+!.# ..
.....##.##...#..# ##
####.#####...#..#
.#..........####
.#............)#


You could see an orc priest and an orc.

Table legend:
 A = Turns spent in this place as a percentage of turns spent in the entire game.
 B = Non-inter-level travel turns spent in this place as a percentage of non-inter-level travel turns spent in the entire game.
 C = Inter-level travel turns spent in this place as a percentage of turns spent in this place.
 D = Turns resting spent in this place as a percentage of non-inter-level travel turns spent in this place.
 E = Turns spent auto-exploring this place as a percentage of non-inter-level travel turns spent in this place.
 F = Non-inter-level travel turns spent in this place divided by the number of levels of this place that you've seen.
                   A       B       C       D       E      F
               +-------+-------+-------+-------+-------+----------------------
         Total | 100.0 | 100.0 |   0.7 |   2.8 |   2.7 | 1228.0
       Dungeon | 100.0 | 100.0 |   0.7 |   2.8 |   2.7 | 1228.0
               +-------+-------+-------+-------+-------+----------------------

Table legend:
 A = Kills in this place as a percentage of kills in entire the game.
 B = Kills by you in this place as a percentage of kills by you in the entire game.
 C = Kills by friends in this place as a percentage of kills by friends in the entire game.
 D = Other kills in this place as a percentage of other kills in the entire game.
 E = Experience gained in this place as a percentage of experience gained in the entire game.
 F = Experience gained in this place divided by the number of levels of this place that you have seen.
                   A       B       C       D       E      F
               +-------+-------+-------+-------+-------+----------------------
         Total | 100.0 | 100.0 |  -nan |  -nan | 100.0 |  47.0
       Dungeon | 100.0 | 100.0 |  -nan |  -nan | 100.0 |  47.0
               +-------+-------+-------+-------+-------+----------------------

Vanquished Creatures
  An orc priest (D:3)
  2 adders (D:2)
  3 giant geckos (D:1)
  An orc (D:3)
  7 bats
  4 giant cockroaches
  8 hobgoblins
  3 kobolds
  A giant newt (D:2)
  9 goblins
  9 rats
48 creatures vanquished.

Notes
Turn   | Place    | Note
--------------------------------------------------------------
     0 | D:1      | gw the Human Venom Mage began the quest for the Orb.
     0 | D:1      | Reached XP level 1. HP: 13/13 MP: 3/3
   180 | D:1      | Reached XP level 2. HP: 19/19 MP: 3/5
   697 | D:1      | Reached XP level 3. HP: 24/24 MP: 3/6
   730 | D:1      | Learned a level 3 spell: Mephitic Cloud
   739 | D:1      | Found a sparkling altar of Nemelex Xobeh.
  1165 | D:2      | Reached skill level 1 in Armour
  1565 | D:2      | Found a radiant altar of Vehumet.
  1643 | D:2      | Became a worshipper of Vehumet
  1795 | D:2      | Reached XP level 4. HP: 31/31 MP: 4/8
  1995 | D:2      | Found a sacrificial altar of Ru.
  1995 | D:2      | Found an iron altar of Okawaru.
  1996 | D:2      | Found a blossoming altar of Fedhas.
  2136 | D:2      | Reached skill level 1 in Fighting
  2660 | D:3      | Reached XP level 5. HP: 3/37 MP: 0/9
  2663 | D:3      | Killed from afar by an orc priest

Action                   |  1- 3 |  4- 6 || total
-------------------------+-------+-------++-------
Melee: Spear             |     2 |    10 ||    12
Throw: Tomahawk          |     7 |     4 ||    11
 Cast: Sting             |    67 |    36 ||   103
  Eat: Chunk             |     3 |     2 ||     5

Vault maps used:
D:1:      lemuel_arrival_behind_the_door_large,
          nemelex_xobeh_ov_fountains_minmay
D:2:      gammafunk_temple_overflow_claw, overflow_temple_1_default, first_bread
D:3:      portal_sewer_entry_d, hangedman_abyss_or_decor_stabs,
          minmay_misc_feat_cross
